 Dungeon Crawl Stone Soup version 0.17.0-9-g801d43b (webtiles) character file.

118312 septik the Bludgeoner (level 16, -34/111 HPs)
             Began as a Gargoyle Fighter on Nov 9, 2015.
             Was a High Priest of Okawaru.
             Annihilated by a spectral juggernaut (55 damage)
             ... called from beyond by a ghost crab
             ... on level 2 of the Swamp on Nov 10, 2015.
             The game lasted 02:00:46 (30366 turns).

septik the Bludgeoner (Gargoyle Fighter)           Turns: 30366, Time: 02:00:46

Health: -34/111    AC: 45    Str: 25    XL:     16   Next: 76%
Magic:  16/16      EV: 13    Int: 10    God:    Okawaru [*****.]
Gold:   2520       SH: 10    Dex: 14    Spells: 0 memorised, 15 levels left

rFire  + + +     SeeInvis .     H - +3 eveningstar (crush)
rCold  + . .     Clarity  +     g - +8 fire dragon armour of Sovereignty {rElec rF++ rC- rN+ MR+}
rNeg   + + .     SustAt   .     J - +2 buckler {AC+3}
rPois  ∞         Gourm    .     (helmet restricted)
rElec  +         Spirit   .     u - +0 cloak
rCorr  .         Warding  .     p - +0 pair of gloves {archery}
rMut   .         Stasis   .     S - +0 pair of boots
MR     ++++.                    W - amulet of regeneration
Stlth  ++........               T - ring of protection from magic
                                x - ring "Uciept" {rF+ rC++}

@: heroism, flying, incredibly resistant to hostile enchantments, unstealthy
A: big wings, beak, rugged brown scales 1, thin skeletal structure 1, agile 1,
blink, breathe flames 1, clarity, fire resistance 1, magic resistance 1,
negative energy resistance 1, sense surroundings 1, screaming 1, shaggy fur 1,
electricity resistance, unbreathing, evolution 1, petrification resistance, rot
immunity, AC +11
a: Stop Flying, Blink, Heroism, Finesse, Renounce Religion, Breathe Fire


You were on level 2 of the Swamp.
You worshipped Okawaru.
Okawaru was extremely pleased with you.
You were hungry.

You visited 5 branches of the dungeon, and saw 30 of its levels.
You visited the Abyss 1 time.
You also visited: Volcano.

You collected 3512 gold pieces.
You spent 992 gold pieces at shops.

Inventory:

Hand Weapons
 b - the +3 arbalest of Irhujeru {speed, Str+2 Dex+6}
   (Okawaru gifted it to you on level 6 of the Lair of Beasts)

   Attacks with this weapon are significantly faster.
   It affects your strength (+2).
   It affects your dexterity (+6).
 H - a +3 eveningstar of crushing (weapon)
Missiles
 e - 10 bolts of frost
Armour
 g - the +8 fire dragon armour of Sovereignty (worn) {rElec rF++ rC- rN+ MR+}
   (You found it in a volcano)

   It greatly protects you from fire.
   It makes you vulnerable to cold.
   It insulates you from electricity.
   It protects you from negative energy.
   It affects your resistance to hostile enchantments.
 h - the +1 robe of Objectivity {rF+++ MR- rCorr SInv}
   (Okawaru gifted it to you on level 1 of the Swamp)

   It renders you almost immune to fire.
   It affects your resistance to hostile enchantments.
   It lets you see invisible.
   It protects you from acid and corrosion.
 p - a +0 pair of gloves of archery (worn)
 u - a +0 cloak (worn)
 J - a +2 buckler of protection (worn)
 K - the +6 chain mail of Shielding {rC- MR+ SInv}
   (Okawaru gifted it to you on level 8 of the Lair of Beasts)

   It makes you vulnerable to cold.
   It affects your resistance to hostile enchantments.
   It lets you see invisible.
 Q - the +5 ring mail of Magic {rF+ Str+4}
   (Okawaru gifted it to you on level 3 of the Lair of Beasts)

   It affects your strength (+4).
   It protects you from fire.
 S - a +0 pair of boots (worn)
Jewellery
 c - an uncursed ring of teleportation
 m - an uncursed ring of see invisible
 x - the ring "Uciept" (left hand) {rF+ rC++}
   (You bought it in a shop on level 9 of the Dungeon)

   [ring of protection from fire]

   It protects you from fire.
   It greatly protects you from cold.
 T - a ring of protection from magic (right hand)
 W - an amulet of regeneration (around neck)
Wands
 o - a wand of teleportation (4)
 v - a wand of hasting (3)
 w - a wand of lightning (6)
 O - a wand of heal wounds (9)
Scrolls
 d - 7 scrolls of identify
 f - 16 scrolls of remove curse
 s - 4 scrolls of teleportation
 y - a scroll of magic mapping
 z - a scroll of blinking
 M - 3 scrolls of fear
Potions
 i - 3 potions of haste
 j - 5 potions of invisibility
 n - 6 potions of curing
 r - 2 potions of lignification
 B - 4 potions of berserk rage
 C - 4 potions of might
 I - a potion of resistance
 N - 2 potions of cancellation
 X - 5 potions of heal wounds
 Y - 4 potions of agility
Books
 k - a book of Beasts

   Spells                             Type                      Level
   a - Summon Butterflies             Summoning                    1
   b - Call Canine Familiar           Summoning                    3
   c - Summon Ice Beast               Ice/Summoning                4
   d - Summon Mana Viper              Hexes/Summoning              5
   e - Summon Hydra                   Summoning                    7
Comestibles
 a - 4 chunks of flesh
 l - 11 meat rations
 q - 45 fruits
 t - a bread ration


   Skills:
 + Level 15.6(20.6) Fighting
 - Level 18.3(23.3) Maces & Flails
 + Level 15.5(20.5) Armour
 + Level 11.2(16.2) Shields


You had 15 spell levels left.
You didn't know any spells.

Dungeon Overview and Level Annotations

Branches:
Dungeon (15/15)            Temple (1/1) D:5            Lair (8/8) D:11
  Swamp (2/4) Lair:5        Snake (0/4) Lair:6        Slime (0/6) Lair:6
    Orc (4/4) D:9             Elf (0/3) Orc:3        Vaults (0/5) D:14
 Depths (0/5) D:15

Altars:
Ashenzari
Cheibriados
Dithmenos
Elyvilon
Fedhas
Gozag
Kikubaaqudgha
Makhleb
Nemelex Xobeh
Okawaru
Qazlal
Ru
Sif Muna
Trog
Vehumet
Xom
Yredelemnul
Zin
The Shining One
Beogh
Lugonu

Shops:
D:4 (!:?   D:8 *   D:9 =   Orc:1 (   Orc:2 *   Orc:4 ?[[(

Portals:
Hell: Lair:8
Trove: D:10 (give 18 scrolls of identify)

Annotations:
Orc:4 gold dragon armour


Innate Abilities, Weirdness & Mutations

You are resistant to torment.
Your stone body is resilient (AC +11).
You are immune to poison.
Your large and strong wings let you fly indefinitely.
You resist negative energy.
You are resistant to electric shocks.
You can survive without breathing.
You are immune to petrification.
You are immune to rotting.
You have a beak for a mouth.
You are partially covered in rugged brown scales (AC +1, +3% HP).
You have a somewhat thin skeletal structure (Dex +2, Stealth).
You are agile. (Dex +2)
You can translocate small distances at will.
You can breathe flames.
You possess an exceptional clarity of mind.
Your flesh is heat resistant.
You are resistant to hostile enchantments.
You passively map a small area around you.
You occasionally shout uncontrollably at your foes.
You are covered in fur (AC +1).
You evolve.


Message History

You impale the ghost crab!!
The ghost crab is heavily wounded.
You are engulfed in spectral mist.
* * * LOW HITPOINT WARNING * * *
The spectral spiny frog fades away!
The spectral seven-headed hydra bites you but does no damage. x2
You block the spectral seven-headed hydra's attack.
The spectral seven-headed hydra closely misses you.
The spectral seven-headed hydra bites you but does no damage. x2
You block the spectral seven-headed hydra's attack.
The ghost crab bites you!
* * * LOW HITPOINT WARNING * * *
The ghost crab claws you but does no damage.
You block the spectral spiny frog's attack.
The spectral swamp drake fades away!
The spectral spiny frog hits you but does no damage.
You block the spectral spiny frog's attack.
Found a metal-bound book.
The spectral spiny frog fades away!
The spectral juggernaut hits you!!!
You die...

..≈≈≈≈...♣♣♣........
*
......,♣≈≈♣.........
≈ ≈≈ ,
..≈...♣♣♣♣..#.######,
.≈§≈≈§≈≈≈≈......# ≈
.≈≈≈≈≈≈§≈≈..#.....,+
≈ .≈≈≈≈§†Zt≈..#...#.#
, ..≈≈.§♣≈.≈..##..#
.* ≈ ....♣♣♣♣.Z..#
..# ≈≈. ♣♣@..# ,.# ,
≈≈,♣...≈.♣..#* * ≈, ≈
,≈ ♣♣≈≈≈≈....)., , ,
, ≈ *♣♣.≈.≈≈≈.....
≈≈, * ♣≈....≈≈.....,
, ♣.≈≈≈...≈...♣ * *
♣.≈≈≈ ♣≈♣♣.:♣ *
,,.≈.≈≈ ♣♣ ≈≈♣ ≈ *


You could see a ghost crab, a spectral seven-headed hydra and a spectral
juggernaut.

Vanquished Creatures
  Louise (Swamp:2)
  A dire elephant (Lair:8)
  Josephine (D:13)
  A fire dragon (D:14)
  11 hydras
  A rakshasa (D:15)
  Erolcha (D:9)
  2 centaur warriors
  3 alligators (Swamp:2)
  A tengu warrior (D:14)
  A queen ant (Lair:3)
  An ogre mage (D:14)
  3 orc high priests (Orc:4)
  7 death yaks
  A sun demon (Lair:8)
  A deep elf knight (D:14)
  An unseen horror (shapeshifter) (D:15)
  A skeletal warrior (D:14)
  3 hill giants
  12 wizards
  4 unseen horrors
  A deep elf summoner (D:13)
  A swamp dragon (Swamp:1)
  A deep elf conjurer (D:13)
  5 orc knights (Orc:4)
  9 ugly things
  A lindwurm (Lair:1)
  A sixfirhy (Lair:8)
  3 griffons
  An orb spider (shapeshifter) (D:13)
  A manticore (D:15)
  3 orc sorcerers (Orc:4)
  3 cyclopes
  4 gargoyles
  4 elephants
  2 molten gargoyles (Volcano)
  A centaur zombie (D:7)
  8 black mambas
  4 orange demons (Lair:8)
  A spiny frog (shapeshifter) (D:15)
  12 spiny frogs
  A kobold demonologist (D:15)
  An efreet (D:13)
  9 komodo dragons
  6 fire drakes
  A hellwing (Lair:8)
  2 red devils (Lair:8)
  A troll (shapeshifter) (D:15)
  5 trolls
  A tengu conjurer (D:14)
  A queen bee (Orc:2)
  2 polar bears
  4 blue devils (Lair:8)
  12 blink frogs
  2 giant leeches (Swamp:1)
  A trapdoor spider zombie (D:9)
  A snapping turtle (shapeshifter) (D:15)
  A harpy skeleton (D:15)
  2 two-headed ogres
  A yak (shapeshifter) (Abyss:1)
  A trapdoor spider (D:12)
  26 slime creatures
  5 deep elf magi
  2 water elementals (D:13)
  2 wyverns
  A deep elf fighter (D:14)
  A shadow (Swamp:2)
  67 yaks
  A vampire (D:12)
  A ynoxinul (Abyss:1)
  2 spriggans
  8 wraiths
  4 fire elementals (Volcano)
  11 hippogriffs
  6 hungry ghosts
  13 vampire mosquitoes
  A steam dragon (D:11)
  4 basilisks
  A warg (Orc:3)
  7 nagas (Lair:6)
  6 wolves (Lair:1)
  12 swamp worms
  7 sky beasts
  19 water moccasins
  8 soldier ants
  2 ice beasts
  5 phantoms
  A spider (shapeshifter) (D:15)
  10 porcupines
  2 wasps
  4 centaurs
  A swamp drake (Swamp:2)
  16 orc warriors
  An eye of draining (D:13)
  16 ogres
  A large abomination (Abyss:1)
  9 boggarts
  17 crocodiles
  19 giant frogs
  5 big kobolds
  A wyvern zombie (D:13)
  A water moccasin zombie (D:9)
  5 jellies
  9 scorpions
  2 wyvern skeletons (D:14)
  19 killer bees (Orc:2)
  5 wights
  13 electric eels
  2 vampire bats (Lair:7)
  4 crimson imps
  10 hounds
  27 orc priests
  A lava snake (Lair:5)
  8 centaur skeletons
  3 giant frog skeletons
  A quasit (Abyss:1)
  31 orc wizards
  11 iguanas
  30 worker ants
  34 sheep
  3 worker ant zombies
  76 river rats
  7 gnolls (D:2)
  12 adders
  3 shadow imps
  6 oozes
  7 worms
  192 orcs
  2 ball pythons
  8 giant cockroaches
  8 goblins
  10 hobgoblins
  5 quokkas
  20 bats
  6 giant geckos
  7 giant newts
  8 jackals
  A jackal skeleton (D:4)
  15 kobolds
  2 quokka skeletons
  7 rats
  A fire vortex (Volcano)
  A plant (D:2)
1127 creatures vanquished.

Vanquished Creatures (others)
  A hydra (Swamp:2)
  A giant frog zombie (D:11)
  An iguana (D:8)
  An orc priest (Orc:4)
  A bat (Lair:7)
  3 bushes
  A butterfly (Lair:6)
  A fire vortex (Volcano)
  14 fungi
  10 plants
  15 starspawn tentacles (Abyss:1)
  113 starspawn tentacle segments (Abyss:1)
162 creatures vanquished.

Grand Total: 1289 creatures vanquished

Notes
Turn   | Place    | Note
--------------------------------------------------------------
     0 | D:1      | septik the Gargoyle Fighter began the quest for the Orb.
     0 | D:1      | Reached XP level 1. HP: 14/14 MP: 1/1
   169 | D:1      | Reached XP level 2. HP: 19/19 MP: 2/2
   361 | D:1      | Reached XP level 3. HP: 23/23 MP: 3/3
  1093 | D:2      | Reached XP level 4. HP: 20/28 MP: 4/4
  1257 | D:2      | Reached skill level 4 in Armour
  1885 | D:2      | Reached XP level 5. HP: 32/32 MP: 5/5
  2170 | D:2      | Paralysed by a gnoll for 5 turns
  2278 | D:2      | Found a shimmering altar of Xom.
  2891 | D:3      | Found a faded altar to an unknown god.
  3029 | D:3      | Reached XP level 6. HP: 38/38 MP: 6/6
  3522 | D:3      | Noticed an angel
  3523 | D:3      | Found a glowing silver altar of Zin.
  4124 | D:4      | Found Xuijizec's Weapon Boutique.
  4128 | D:4      | Found Fuvoug's Magic Scroll Emporium.
  4160 | D:4      | Reached XP level 7. HP: 7/44 MP: 7/7
  4200 | D:4      | Reached skill level 5 in Armour
  4460 | D:4      | Reached skill level 5 in Maces & Flails
  4473 | D:4      | Found Rilobb's Book Emporium.
  4533 | D:4      | Found Zatuw's Distillery.
  4707 | D:4      | Bought a potion of mutation for 25 gold pieces
  4738 | D:4      | Found a burning altar of Makhleb.
  4774 | D:4      | Noticed an Executioner
  4799 | D:4      | Reached skill level 5 in Fighting
  4799 | D:4      | Reached skill level 5 in Shields
  4809 | D:4      | Found a deep blue altar of Sif Muna.
  4920 | D:4      | Found a glowing golden altar of the Shining One.
  4973 | D:5      | Entered Level 5 of the Dungeon
  5278 | D:5      | Reached XP level 8. HP: 34/49 MP: 8/8
  5283 | D:5      | Found a staircase to the Ecumenical Temple.
  5294 | Temple   | Entered the Ecumenical Temple
  5392 | Temple   | Became a worshipper of Warmaster Okawaru
  5560 | D:5      | Reached skill level 6 in Maces & Flails
  5721 | D:5      | Found a sparkling altar of Nemelex Xobeh.
  6103 | D:6      | Reached skill level 7 in Maces & Flails
  6433 | D:6      | Reached * piety under Okawaru
  6998 | D:6      | Reached skill level 8 in Maces & Flails
  7098 | D:6      | Reached XP level 9. HP: 43/54 MP: 9/9
  7100 | D:6      | Found a stormy altar of Qazlal.
  7602 | D:7      | Reached skill level 9 in Maces & Flails
  7773 | D:7      | Noticed a centaur zombie
  7791 | D:7      | Killed a centaur zombie
  7791 | D:7      | Reached ** piety under Okawaru
  7824 | D:7      | Reached skill level 10 in Maces & Flails
  8111 | D:8      | Found Gimmah's Demolitions Depot.
  8918 | D:8      | Gained mutation: You occasionally shout uncontrollably at your foes. [mutagenic meat]
  8919 | D:8      | Gained mutation: Your spells are a little easier to cast, but a little less powerful. [mutagenic meat]
  8920 | D:8      | Gained mutation: You have a beak for a mouth. [mutagenic meat]
  8921 | D:8      | Gained mutation: You have large cloven feet. [mutagenic meat]
  8922 | D:8      | Lost mutation: Your spells are a little easier to cast, but a little less powerful. [mutagenic meat]
  8933 | D:8      | Lost mutation: You have large cloven feet. [potion of cure mutation]
  9050 | D:8      | Reached skill level 11 in Maces & Flails
  9278 | D:9      | Gained mutation: You are covered in fur (AC +1). [mutagenic meat]
  9279 | D:9      | Gained mutation: You have a pair of small horns on your head. [mutagenic meat]
  9315 | D:9      | Found a white marble altar of Elyvilon.
  9362 | D:9      | Reached *** piety under Okawaru
  9362 | D:9      | Reached XP level 10. HP: 10/60 MP: 7/10
  9382 | D:9      | Gained mutation: You are partially covered in rugged brown scales (AC +1, +3% HP). [potion of mutation]
  9382 | D:9      | Gained mutation: You expend magic power (3 MP) to strengthen your wands. [potion of mutation]
  9382 | D:9      | Lost mutation: You expend magic power (3 MP) to strengthen your wands. [potion of mutation]
  9383 | D:9      | Gained mutation: You expend magic power (3 MP) to strengthen your wands. [potion of mutation]
  9383 | D:9      | Lost mutation: You have a pair of small horns on your head. [potion of mutation]
  9383 | D:9      | Gained mutation: Scrolls take you a little longer to read. [potion of mutation]
  9655 | D:9      | Reached skill level 12 in Maces & Flails
  9729 | D:9      | Found a basalt altar of Yredelemnul.
  9766 | D:9      | Found a staircase to the Orcish Mines.
  9850 | D:9      | Noticed Erolcha
  9871 | D:9      | Killed Erolcha
  9927 | D:9      | Reached **** piety under Okawaru
  9927 | D:9      | Reached skill level 13 in Maces & Flails
 10121 | D:9      | Found a shadowy altar of Dithmenos.
 10335 | D:9      | Lost mutation: You expend magic power (3 MP) to strengthen your wands. [mutagenic meat]
 10336 | D:9      | Gained mutation: You passively map a small area around you. [mutagenic meat]
 10337 | D:9      | Gained mutation: You evolve. [mutagenic meat]
 10338 | D:9      | Gained mutation: You sometimes yell uncontrollably at your foes. [mutagenic meat]
 10339 | D:9      | Gained mutation: You have a somewhat thin skeletal structure (Dex +2, Stealth). [mutagenic meat]
 10345 | D:9      | Found Gaonyd's Jewellery Shop.
 10394 | D:10     | Entered Level 10 of the Dungeon
 10931 | D:10     | Gained mutation: You are resistant to hostile enchantments. [mutagenic meat]
 10932 | D:10     | Lost mutation: Scrolls take you a little longer to read. [mutagenic meat]
 10955 | D:10     | Found a portal to a secret trove of treasure.
 10977 | D:10     | Found an opulent altar of Gozag.
 11031 | D:10     | Reached skill level 14 in Maces & Flails
 11031 | D:10     | Reached XP level 11. HP: 55/65 MP: 8/11
 11058 | D:10     | Reached ***** piety under Okawaru
 11140 | D:10     | Got a bronze leather armour
 11154 | D:10     | Identified the +6 leather armour of Bedevilment {rPois rN+ MR+} (You found it on level 10 of the Dungeon)
 11350 | D:11     | Noticed a hill giant
 11591 | D:10     | Reached skill level 15 in Maces & Flails
 11651 | D:11     | Received a gift from Okawaru
 11803 | D:11     | Found a staircase to the Lair.
 12311 | Lair:1   | Entered Level 1 of the Lair of Beasts
 12389 | Lair:1   | Reached skill level 16 in Maces & Flails
 13050 | Lair:1   | Found a dark tunnel.
 13050 | Lair:1   | Noticed a lindwurm
 13059 | Volcano  | Entered a volcano
 13066 | Volcano  | Reached XP level 12. HP: 66/70 MP: 12/12
 13077 | Volcano  | Noticed a lindwurm
 13147 | Volcano  | Got a blackened fire dragon armour
 13310 | Lair:1   | Killed a lindwurm
 13791 | Lair:2   | Reached skill level 17 in Maces & Flails
 14174 | Lair:2   | Gained mutation: You possess an exceptional clarity of mind. [evolution]
 14359 | Lair:2   | Received a gift from Okawaru
 15336 | Lair:3   | Noticed a five-headed hydra
 15343 | Lair:3   | Killed a five-headed hydra
 15398 | Lair:3   | Reached XP level 13. HP: 75/80 MP: 13/13
 15613 | Lair:3   | Noticed a queen ant
 15625 | Lair:3   | Killed a queen ant
 15630 | Lair:3   | Received a gift from Okawaru
 15661 | Lair:3   | Got a faintly humming ring mail {god gift}
 15672 | Lair:3   | Identified the +5 ring mail of Magic {rF+ Str+4} (Okawaru gifted it to you on level 3 of the Lair of Beasts)
 15682 | Lair:3   | Identified the +8 fire dragon armour of Sovereignty {rElec rF++ rC- rN+ MR+} (You found it in a volcano)
 16038 | Lair:4   | Reached skill level 18 in Maces & Flails
 16338 | Lair:4   | Gained mutation: Your flesh is heat resistant. [evolution]
 17399 | Lair:5   | Reached skill level 10 in Fighting
 17432 | Lair:5   | Found a staircase to the Swamp.
 17624 | Lair:6   | Reached skill level 10 in Armour
 17629 | Lair:6   | Gained mutation: You can breathe flames. [evolution]
 17698 | Lair:6   | Received a gift from Okawaru
 17711 | Lair:6   | Got a faintly glowing arbalest {god gift}
 17712 | Lair:6   | Identified the +3 arbalest of Irhujeru {speed, Str+2 Dex+6} (Okawaru gifted it to you on level 6 of the Lair of Beasts)
 17837 | Lair:6   | Gained mutation: Your large and strong wings let you fly indefinitely. [Gargoyle growth]
 17837 | Lair:6   | Reached XP level 14. HP: 86/90 MP: 8/14
 17839 | Lair:6   | Found a staircase to the Snake Pit.
 18495 | Lair:6   | Found a staircase to the Slime Pits.
 20209 | Lair:8   | Entered Level 8 of the Lair of Beasts
 20441 | Lair:8   | Received a gift from Okawaru
 20499 | Lair:8   | Got a shimmering lajatang {god gift}
 20500 | Lair:8   | Identified the +2 lajatang of the Rat {freeze, rF- rC+ rN+ Dex+2} (Okawaru gifted it to you on level 8 of the Lair of Beasts)
 20960 | Lair:8   | Received a gift from Okawaru
 21065 | Lair:8   | Found a burning altar of Makhleb.
 21223 | Lair:8   | Found a gateway to Hell.
 21455 | Lair:8   | Reached ****** piety under Okawaru
 21545 | Lair:8   | Received a gift from Okawaru
 21548 | Lair:8   | Got a spiked chain mail {god gift}
 21559 | Lair:8   | Identified the +6 chain mail of Shielding {rC- MR+ SInv} (Okawaru gifted it to you on level 8 of the Lair of Beasts)
 22194 | Orc:1    | Entered Level 1 of the Orcish Mines
 22212 | Orc:1    | Found a roughly hewn altar of Beogh.
 22609 | Orc:2    | Reached XP level 15. HP: 97/100 MP: 15/15
 22727 | Orc:2    | Found a bloodstained altar of Trog.
 22760 | Orc:2    | Lost mutation: You sometimes yell uncontrollably at your foes. [evolution]
 22915 | Orc:2    | Found Liuxt's Assorted Antiques.
 23270 | Orc:1    | Found Hoduodd's Weapon Shop.
 23757 | Orc:3    | Found a staircase to the Elven Halls.
 23986 | Orc:3    | Found a bloodstained altar of Trog.
 24059 | Orc:4    | Entered Level 4 of the Orcish Mines
 24088 | Orc:4    | Found a burning altar of Makhleb.
 24702 | Orc:4    | Found Imyforen's Magic Scroll Emporium.
 24702 | Orc:4    | Found Petees's Antique Armour Shop.
 24710 | Orc:4    | Found Ymu Edutz's Armour Emporium.
 24710 | Orc:4    | Found Urekh's Antique Weapon Shop.
 24722 | Orc:4    | Bought a glowing buckler for 139 gold pieces
 25190 | D:9      | Bought an uncursed ring of see invisible for 180 gold pieces
 25194 | D:9      | Bought a cursed ring of loudness for 54 gold pieces
 25194 | D:9      | Bought the ring "Uciept" {rF+ rC++} for 594 gold pieces
 25283 | D:12     | Found a corrupted altar of Lugonu.
 26306 | D:13     | Gained mutation: You are agile. (Dex +2) [evolution]
 26314 | D:13     | Noticed Josephine
 26358 | D:13     | Killed Josephine
 26404 | D:13     | Received a gift from Okawaru
 26445 | D:13     | Cast into the Abyss (a wizard)
 26612 | Abyss:1  | Noticed a tentacled starspawn
 26647 | Abyss:1  | Noticed a tentacled starspawn
 26699 | D:13     | Escaped the Abyss
 27495 | D:14     | Reached XP level 16. HP: 85/110 MP: 16/16
 27730 | D:14     | Found a gate to the Vaults.
 28105 | D:14     | Reached skill level 10 in Shields
 28134 | D:15     | Entered Level 15 of the Dungeon
 28457 | D:15     | Received a gift from Okawaru
 28457 | D:15     | Reached skill level 15 in Fighting
 28548 | D:15     | Reached skill level 15 in Armour
 28587 | D:15     | Gained mutation: You can translocate small distances at will. [potion of beneficial mutation]
 28761 | D:15     | Found a staircase to the Depths.
 29381 | Swamp:1  | Entered Level 1 of the Swamp
 29618 | Swamp:1  | Received a gift from Okawaru
 29622 | Swamp:1  | Got a distressingly furry robe {god gift}
 29633 | Swamp:1  | Identified the +1 robe of Objectivity {rF+++ MR- rCorr SInv} (Okawaru gifted it to you on level 1 of the Swamp)
 29977 | Swamp:2  | Noticed Louise
 29992 | Swamp:2  | Killed Louise
 30366 | Swamp:2  | Annihilated by a spectral juggernaut

Action                   |  1- 3 |  4- 6 |  7- 9 | 10-12 | 13-15 | 16-18 || total
-------------------------+-------+-------+-------+-------+-------+-------++-------
Melee: Flail             |    52 |       |   424 |   436 |       |       ||   912
       Whip              |    89 |   446 |   356 |       |       |       ||   891
       Great mace        |       |       |       |   423 |   621 |       ||  1044
       Eveningstar       |       |       |       |       |   996 |   475 ||  1471
       Lajatang          |       |       |       |       |     6 |       ||     6
Invok: Heroism           |       |       |     3 |     8 |    26 |     7 ||    44
       Finesse           |       |       |       |     1 |     3 |       ||     4
 Abil: Breathe Fire      |       |       |       |       |     2 |       ||     2
       Fly               |       |       |       |       |     1 |       ||     1
Evoke: Wand              |       |       |       |     1 |       |       ||     1
  Use: Potion            |       |     1 |     1 |     2 |       |     1 ||     5
       Scroll            |       |       |    12 |    15 |     4 |     8 ||    39
  Eat: Chunk             |     1 |    10 |    19 |    40 |    45 |     7 ||   122
       Bread ration      |       |       |     2 |    11 |       |       ||    13
       Pizza             |       |       |       |     1 |       |       ||     1
       Meat ration       |       |       |       |     1 |     1 |     1 ||     3
